[Event "2026 European Womens Championship"]
[Site "Batumi, GE"]
[Date "2026.05.27"]
[Round "3"]
[White "Chighvaria, Ana"]
[Black "Abdinova, Narmin"]
[Result "0-1"]
[Board "59"]
[TimeControl "5400+30"]
[WhiteFideId "13628666"]
[BlackFideId "13425340"]
[WhiteElo "1518"]
[BlackElo "2165"]
[BlackTitle "WIM"]
[WhiteClock "0:00:48"]
[BlackClock "0:02:53"]
[Variant "Standard"]

1. d4 Nf6 2. Nf3 d5 3. h3 c5 4. e3 Nc6 5. Nbd2 cxd4 6. exd4 Bf5 7. c3 e6 8. Bb5 Bd6 9. O-O O-O 10. Re1 a6 11. Ba4 Rc8 12. Bxc6 Rxc6 13. Ne5 Rc8 14. Nf1 h6 15. Bf4 Ne4 16. f3 Nf6 17. Ne3 Bh7 18. Nd3 Be7 19. Qe2 Nh5 20. Bh2 Re8 21. Ng4 Qb6 22. Nde5 Bh4 23. Red1 f6 24. Nd7 Qc6 25. Nc5 e5 26. Qd2 Bg3 27. Nb3 e4 28. Bxg3 Nxg3 29. Qf2 Qc7 30. Re1 exf3 31. Qxf3 Ne4 32. Rad1 Re7 33. Re3 Rce8 34. Rde1 Kf8 35. Qd1 b6 36. Nd2 h5 37. Nxe4 hxg4 38. Qxg4 Rxe4 39. Rxe4 Rxe4 40. Qd1 Qg3 41. Rxe4 Bxe4 42. Qe2 f5 43. Qf2 Qg5 44. Kh2 f4 45. Kh1 Ke7 46. Qe2 Qg3 47. Kg1 f3 48. Qf2 Qxf2+ 49. Kxf2 fxg2 0-1

[Event "2026 European Womens Championship"]
[Site "Batumi, GE"]
[Date "2026.05.27"]
[Round "3"]
[White "Zeliantsova, Kseniya"]
[Black "Vakhania, Aleksandra"]
[Result "1-0"]
[Board "60"]
[TimeControl "5400+30"]
[WhiteFideId "13512617"]
[BlackFideId "13602560"]
[WhiteElo "2176"]
[BlackElo "2079"]
[WhiteTitle "WFM"]
[BlackTitle "WIM"]
[WhiteClock "0:18:07"]
[BlackClock "0:03:06"]
[Variant "Standard"]

1. e4 c6 2. d4 d5 3. e5 g6 4. Nc3 Bg7 5. h3 Nh6 6. Be2 f6 7. f4 fxe5 8. dxe5 Nf5 9. Nf3 Ng3 10. Rg1 Qb6 11. Qd4 Bf5 12. Bd3 Nd7 13. Qf2 d4 14. Nxd4 Bxd3 15. cxd3 Nxe5 16. fxe5 Bxe5 17. Nf3 Qa5 18. Nxe5 Qxe5+ 19. Qe3 Qd6 20. Ne4 Nxe4 21. Qxe4 Qg3+ 22. Ke2 Rf8 23. Be3 Rf5 24. Rgf1 Rb5 25. b3 Rd8 26. Rf4 Rdd5 27. Qf3 Qh2 28. Bg1 Re5+ 29. Kd2 Qh1 30. Bd4 1-0

[Event "2026 European Womens Championship"]
[Site "Batumi, GE"]
[Date "2026.05.27"]
[Round "3"]
[White "Subramanian, Anusha"]
[Black "Khurtsilava, Inga"]
[Result "1/2-1/2"]
[Board "61"]
[TimeControl "5400+30"]
[WhiteFideId "477710"]
[BlackFideId "13600419"]
[WhiteElo "2068"]
[BlackElo "2175"]
[WhiteTitle "WFM"]
[BlackTitle "WGM"]
[WhiteClock "0:07:00"]
[BlackClock "0:01:04"]
[Variant "Standard"]

1. e4 c6 2. d4 d5 3. e5 Bf5 4. Nd2 h5 5. h4 e6 6. Nb3 c5 7. Bb5+ Nc6 8. dxc5 Bxc5 9. Bxc6+ bxc6 10. Nxc5 Qa5+ 11. c3 Qxc5 12. Ne2 Bg4 13. Qd3 Bxe2 14. Qxe2 Ne7 15. Be3 Qb5 16. Qxb5 cxb5 17. a4 bxa4 18. Rxa4 Nc6 19. f4 Kd7 20. Ra6 Rhb8 21. b4 Kc7 22. O-O g6 23. Bc5 Rb7 24. Rc1 Nb8 25. Rd6 Nd7 26. c4 dxc4 27. Rxc4 Kd8 28. Rcd4 Ke8 29. Ra6 Nb8 30. Rad6 Nd7 31. Rc6 Nxc5 32. Rxc5 Rd8 33. Rcc4 Rxd4 34. Rxd4 Rd7 35. Rc4 Kd8 36. Kf2 Rd2+ 37. Kf3 Rb2 38. Kg3 Rb3+ 39. Kf2 Kd7 40. Ke2 Ra3 41. b5 Ra5 42. Rd4+ Kc7 43. Rc4+ Kb8 44. Rd4 Rxb5 45. Rd8+ Kc7 46. Rf8 a5 47. Rxf7+ Kc6 48. Kd3 a4 49. Ra7 Rb4 50. g3 Kc5 51. Ra5+ Kb6 52. Ra8 Rb3+ 53. Kd4 Rxg3 54. Rxa4 Rg4 55. Rb4+ Kc6 56. Rc4+ Kd7 57. Ke3 Rxh4 58. Ra4 Rh3+ 59. Kd4 Rb3 60. Ra7+ Ke8 61. Ra8+ Kf7 62. Ra7+ Kf8 63. Ra6 Kf7 64. Ra7+ Kf8 65. Ra6 Ke7 66. Ra7+ Ke8 67. Ra6 Kd7 68. Ra7+ Kc6 69. Rg7 Rb4+ 70. Ke3 Kd5 71. Rd7+ Kc5 72. Rc7+ Kd5 73. Rd7+ Kc5 74. Rc7+ Kd5 75. Rd7+ 1/2-1/2

[Event "2026 European Womens Championship"]
[Site "Batumi, GE"]
[Date "2026.05.27"]
[Round "3"]
[White "Starosta, Martyna"]
[Black "Nenova, Andzhelika"]
[Result "1/2-1/2"]
[Board "62"]
[TimeControl "5400+30"]
[WhiteFideId "21818754"]
[BlackFideId "2939355"]
[WhiteElo "2175"]
[BlackElo "2072"]
[WhiteTitle "WIM"]
[WhiteClock "0:21:03"]
[BlackClock "0:07:21"]
[Variant "Standard"]

1. e4 e5 2. Nf3 Nc6 3. Bb5 f5 4. d3 fxe4 5. dxe4 Nf6 6. O-O Bc5 7. Bc4 d6 8. h3 Qe7 9. Nc3 Be6 10. Nd5 Bxd5 11. exd5 Nd4 12. Nxd4 Bxd4 13. Bb5+ Nd7 14. c3 Bb6 15. Qg4 h6 16. Qg6+ Kd8 17. a4 a6 18. Be2 Rf8 19. a5 Ba7 20. Be3 Rf6 21. Qg4 Nf8 22. Qb4 Kc8 23. Ra3 Bxe3 24. fxe3 Rxf1+ 25. Bxf1 Nd7 26. Qg4 Kb8 27. b4 Nf6 28. Qd1 Ka7 29. c4 Rf8 30. Qc2 Nh5 31. e4 Qg5 32. c5 Ng3 33. Bc4 Nxe4 34. c6 bxc6 35. Bxa6 c5 36. b5 Nd2 37. Ra1 Qe3+ 38. Kh1 Ne4 39. b6+ cxb6 40. Qb2 b5 41. Qxb5 Rb8 42. Qc6 Rb2 43. Bc8 Qg3 44. Qc7+ Ka8 45. Bb7+ Rxb7 46. Qc8+ Ka7 47. a6 Rf7 48. Rb1 Nf2+ 49. Kg1 Nxh3+ 50. Kh1 Nf2+ 1/2-1/2

[Event "2026 European Womens Championship"]
[Site "Batumi, GE"]
[Date "2026.05.27"]
[Round "3"]
[White "Jimenez Fernandez, Rebeca"]
[Black "Krkyasharyan, Sona"]
[Result "1-0"]
[Board "63"]
[TimeControl "5400+30"]
[WhiteFideId "32070934"]
[BlackFideId "13316729"]
[WhiteElo "2166"]
[BlackElo "2063"]
[WhiteTitle "WFM"]
[BlackTitle "WFM"]
[WhiteClock "0:27:13"]
[BlackClock "0:57:02"]
[Variant "Standard"]

1. e4 c5 2. Nf3 d6 3. Bb5+ Nd7 4. c3 Ngf6 5. Bd3 a6 6. Bc2 b5 7. d4 Bb7 8. Nbd2 e6 9. O-O Be7 10. Re1 O-O 11. e5 dxe5 12. dxe5 Nd5 13. Ne4 Qc7 14. Neg5 g6 15. h4 Rfd8 16. Qe2 Bf8 17. h5 Bg7 18. hxg6 hxg6 19. Nxf7 Kxf7 20. Bxg6+ Kxg6 21. Qe4+ Kf7 22. Ng5+ Ke7 23. Qg6 Re8 24. Qxe6+ Kd8 25. Nf7+ 1-0

[Event "2026 European Womens Championship"]
[Site "Batumi, GE"]
[Date "2026.05.27"]
[Round "3"]
[White "Golsta, Madara"]
[Black "Gueci, Tea"]
[Result "0-1"]
[Board "64"]
[TimeControl "5400+30"]
[WhiteFideId "11607386"]
[BlackFideId "872342"]
[WhiteElo "2023"]
[BlackElo "2160"]
[BlackTitle "WIM"]
[WhiteClock "0:04:52"]
[BlackClock "0:01:55"]
[Variant "Standard"]

1. e4 c5 2. Nf3 e6 3. d4 cxd4 4. Nxd4 a6 5. c4 Nf6 6. Nc3 Bb4 7. Qd3 d6 8. Bd2 Nbd7 9. Nb3 O-O 10. a3 Nc5 11. Nxc5 Bxc5 12. b4 Ba7 13. Be2 e5 14. Be3 Bxe3 15. Qxe3 Be6 16. Rd1 Qc7 17. Nd5 Bxd5 18. exd5 Nd7 19. O-O f5 20. f3 b6 21. Rc1 a5 22. Rfd1 axb4 23. axb4 Ra4 24. Rb1 Qa7 25. Kh1 g6 26. Qg5 Ra2 27. Bf1 Nf6 28. Rdc1 e4 29. c5 exf3 30. gxf3 bxc5 31. bxc5 Qa3 32. Qf4 Nh5 33. Qg5 Qxf3+ 34. Bg2 Qf2 35. cxd6 f4 36. Rf1 Ng3+ 37. Qxg3 fxg3 38. Rxf2 gxf2 39. Bh3 Re2 40. Rf1 Kf7 41. Kg2 Kf6 42. Be6 Ke5 43. d7 Kd6 44. Kg3 g5 45. h4 gxh4+ 46. Kxh4 Ke7 47. Kg3 h5 48. Bh3 Re3+ 49. Kg2 h4 50. Be6 h3+ 51. Kh2 Re1 52. Bxh3 Rxf1 53. Bxf1 Kxd7 54. Kg2 Kd6 55. Bc4 Kc5 56. Be2 Kxd5 57. Bf3+ Rxf3 0-1

[Event "2026 European Womens Championship"]
[Site "Batumi, GE"]
[Date "2026.05.27"]
[Round "3"]
[White "Khachatryan, Anna"]
[Black "Avetisyan, Ani"]
[Result "1/2-1/2"]
[Board "65"]
[TimeControl "5400+30"]
[WhiteFideId "13310780"]
[BlackFideId "13319035"]
[WhiteElo "2154"]
[BlackElo "2052"]
[WhiteTitle "WFM"]
[WhiteClock "0:02:33"]
[BlackClock "0:03:42"]
[Variant "Standard"]

1. e4 e5 2. Nc3 Nc6 3. g3 Nf6 4. Bg2 Bc5 5. d3 h6 6. Nge2 a5 7. O-O O-O 8. h3 d6 9. Kh2 a4 10. a3 Bd7 11. f4 Nd4 12. f5 Nh7 13. Nxd4 Bxd4 14. Nd5 f6 15. h4 Be8 16. Bf3 c6 17. Ne3 Bf7 18. Qe2 d5 19. exd5 cxd5 20. Qg2 Ra5 21. c3 Bxe3 22. Bxe3 d4 23. cxd4 exd4 24. Bd2 Rxf5 25. Bxb7 Re5 26. Rae1 Bd5 27. Bxd5+ Qxd5 28. Qxd5+ Rxd5 29. Kg2 Rc8 30. Rc1 Rdc5 31. Rxc5 Rxc5 32. Rc1 Rxc1 33. Bxc1 f5 34. Bf4 Nf8 35. Be5 Ne6 36. Kf3 Kf7 37. Bd6 Kf6 38. Ke2 g5 39. hxg5+ hxg5 40. Kd2 f4 41. g4 f3 42. Ke1 Nf4 43. Kf2 Nxd3+ 44. Kxf3 Ke6 45. Bf8 Kd5 46. Be7 Ne5+ 47. Ke2 Kc4 48. Bxg5 Nxg4 49. Bf4 Nf6 50. Kd2 Ne4+ 51. Kc2 d3+ 52. Kc1 Kd4 53. Bh6 Nd6 54. Bg5 Nc4 55. Bh6 Ke4 56. Bg5 Kf3 57. Kd1 Nxb2+ 58. Kd2 Ke4 59. Kc3 Nd1+ 60. Kb4 Ne3 61. Kc3 Nc2 62. Bc1 Nd4 63. Kb4 Nb3 64. Bh6 Kd4 65. Kxa4 Kc4 66. Bg5 Nd4 67. Bd2 Nf3 68. Bh6 Ne1 69. Ka5 Kb3 70. a4 Nc2 71. Kb5 Na3+ 72. Kc5 Kxa4 73. Kd4 Nb5 74. Kxd3 Nc3 75. Kxc3 Kb5 1/2-1/2

[Event "2026 European Womens Championship"]
[Site "Batumi, GE"]
[Date "2026.05.27"]
[Round "3"]
[White "Ptacnikova, Lenka"]
[Black "Khairova, Evelina"]
[Result "1-0"]
[Board "66"]
[TimeControl "5400+30"]
[WhiteFideId "305650"]
[BlackFideId "2845768"]
[WhiteElo "2126"]
[BlackElo "1880"]
[WhiteTitle "WGM"]
[WhiteClock "0:44:41"]
[BlackClock "0:27:25"]
[Variant "Standard"]

1. c4 e6 2. g3 Nf6 3. Bg2 d5 4. Nf3 dxc4 5. Qa4+ Bd7 6. Qxc4 c5 7. Ne5 Qc8 8. Nxd7 Qxd7 9. Qc2 Nc6 10. Nc3 Nd4 11. Qd1 Rc8 12. d3 b5 13. O-O b4 14. Nb1 c4 15. dxc4 Rxc4 16. Nd2 Rc8 17. Nb3 Nxb3 18. Qxb3 a5 19. Rd1 a4 20. Rxd7 axb3 21. Rd1 Be7 22. axb3 O-O 23. Bf4 Rc2 24. Rdc1 Rxb2 25. Ra7 Bd8 26. Bd6 Re8 27. Bc6 Bb6 28. Rb7 Rc8 29. Rxb6 Nd5 30. Rb8 Rxb8 31. Bxb8 Nc3 32. Bf3 Rxb3 33. Bd6 h6 34. Bxb4 Nxe2+ 35. Bxe2 Rxb4 36. Rc7 Rb1+ 37. Kg2 Rb2 38. Bh5 g6 39. Bd1 Rb4 40. Ra7 Rb1 41. Bc2 Rb2 42. Ba4 Ra2 43. Ra8+ Kg7 44. Bc6 Rc2 45. Be8 Rc7 46. Rd8 Re7 47. Bd7 Kf6 48. Kf3 Ke5 49. Ke3 h5 50. f4+ Kf6 51. Ke4 g5 52. fxg5+ Kxg5 53. Ke5 Kg6 54. Kd6 Kf6 55. Ra8 e5 56. Ra1 1-0

[Event "2026 European Womens Championship"]
[Site "Batumi, GE"]
[Date "2026.05.27"]
[Round "3"]
[White "Ismayil, Malak"]
[Black "Chkhartishvili, Lika"]
[Result "1-0"]
[Board "67"]
[TimeControl "5400+30"]
[WhiteFideId "13412604"]
[BlackFideId "13635166"]
[WhiteElo "2122"]
[BlackElo "1822"]
[WhiteTitle "WIM"]
[WhiteClock "0:02:40"]
[BlackClock "0:07:50"]
[Variant "Standard"]

1. d4 d5 2. Nf3 Nf6 3. e3 c5 4. b3 Nc6 5. Bb2 cxd4 6. exd4 Bg4 7. Be2 e6 8. Nbd2 Bd6 9. O-O O-O 10. Ne5 Bxe2 11. Qxe2 Nd7 12. f4 Ndxe5 13. fxe5 Be7 14. Nf3 Qd7 15. c4 f6 16. Rfe1 Bb4 17. Red1 fxe5 18. dxe5 Bc5+ 19. Kh1 d4 20. a3 a5 21. Qe4 Rad8 22. Rd3 Qe7 23. Rad1 Qf7 24. h3 h6 25. Bxd4 Bxa3 26. Bb6 Rxd3 27. Rxd3 Bb4 28. Bg1 Qe7 29. Bf2 Qf7 30. Bb6 Re8 31. Kh2 Ba3 32. Nd4 Nxd4 33. Qxd4 Bb4 34. Rg3 Qe7 35. Qg4 Rf8 36. Qg6 Be1 37. Rg4 Bc3 38. Qxh6 Bxe5+ 39. g3 Qd6 40. Qe3 Rf1 41. Bd4 Bxd4 42. Rxd4 Qe7 43. Qd3 Rf2+ 44. Kg1 Rf8 45. Qe3 Qf6 46. Rd2 Qf1+ 47. Kh2 Qf5 48. Re2 Rf6 49. g4 Qf3 50. g5 Qxe3 51. Rxe3 Rf2+ 52. Kg3 Rb2 53. g6 Rb1 54. Kg4 Kf8 55. Rf3+ Kg8 56. h4 a4 57. bxa4 Rb4 58. Kg5 Rxc4 59. Rf4 Rc5+ 60. Kg4 Rc1 61. Rb4 Rc7 62. h5 Kf8 63. Rf4+ Kg8 64. Re4 Kf8 65. Rf4+ Kg8 66. Rd4 Kf8 67. a5 Rc1 68. Rd7 Rc4+ 69. Kf3 Rc5 70. Rf7+ Ke8 71. Rxg7 Kf8 72. Rf7+ Kg8 73. h6 Rh5 74. h7+ Kh8 75. Rf8+ Kg7 76. Rg8+ 1-0

[Event "2026 European Womens Championship"]
[Site "Batumi, GE"]
[Date "2026.05.27"]
[Round "3"]
[White "Deak-Sala, Emilia"]
[Black "Manukyan, Tamara"]
[Result "1-0"]
[Board "68"]
[TimeControl "5400+30"]
[WhiteFideId "795615"]
[BlackFideId "13321307"]
[WhiteElo "2086"]
[BlackElo "1707"]
[WhiteTitle "WFM"]
[WhiteClock "0:13:24"]
[BlackClock "0:50:56"]
[Variant "Standard"]

1. e4 d5 2. exd5 Nf6 3. d4 Nxd5 4. Be2 Bf5 5. c3 e6 6. Nf3 Be7 7. h3 O-O 8. Nbd2 Nf4 9. O-O Bd6 10. Nc4 Nxe2+ 11. Qxe2 Be7 12. Bf4 Nd7 13. Rad1 Nb6 14. Ne3 Nd5 15. Bg3 Be4 16. Ng4 Bxf3 17. Qxf3 c6 18. c4 Nb6 19. b3 a5 20. Be5 a4 21. Nh6+ gxh6 22. Qg3+ Bg5 23. Bc7 Qf6 24. f4 Nd7 25. fxg5 Qxg5 26. Qc3 f6 27. Bf4 Qg6 28. Rd3 Kf7 29. Rdf3 Qe4 30. Re3 Qg6 31. d5 Rfe8 32. dxe6+ Rxe6 33. Rxe6 Kxe6 34. Re1+ Kf7 35. Qe3 Kg7 36. Qd4 Qf7 37. Re3 Kh8 38. Qe4 Rg8 39. Re2 axb3 40. axb3 Nc5 41. Qe3 Qh5 42. b4 Nd7 43. c5 Qf5 44. Kh2 h5 45. Bd6 Qg5 46. Qe6 Nf8 47. Qf7 Qg7 48. Qxg7+ Kxg7 49. Re7+ Kg6 50. Rxb7 Ne6 51. b5 cxb5 52. c6 Nd8 53. Rb8 1-0

[Event "2026 European Womens Championship"]
[Site "Batumi, GE"]
[Date "2026.05.27"]
[Round "3"]
[White "Diasamidze, Lulu"]
[Black "Arakhamia-Grant, Ketevan"]
[Result "0-1"]
[Board "69"]
[TimeControl "5400+30"]
[WhiteFideId "13623818"]
[BlackFideId "13600168"]
[WhiteElo "1924"]
[BlackElo "2306"]
[BlackTitle "GM"]
[WhiteClock "0:15:22"]
[BlackClock "0:01:05"]
[Variant "Standard"]

1. e4 c5 2. Nf3 Nc6 3. Bb5 d6 4. O-O Bd7 5. c3 a6 6. Ba4 Nf6 7. Re1 b5 8. Bc2 e5 9. d4 Be7 10. Bg5 cxd4 11. cxd4 Bg4 12. dxe5 dxe5 13. Nbd2 O-O 14. h3 Be6 15. Bb3 Qd6 16. Bxe6 Qxe6 17. Qb3 Qxb3 18. Nxb3 Rfd8 19. a3 Rd3 20. Nc1 Rd7 21. Bxf6 Bxf6 22. Ne2 Na5 23. Nc3 Nc4 24. Nd5 Rd6 25. b3 Na5 26. Rab1 Rc8 27. Nxe5 Rc2 28. Ng4 Bd8 29. Rbd1 Kf8 30. e5 Rd7 31. b4 Nc6 32. Nge3 Ra2 33. Nf4 Rxd1 34. Rxd1 Ke8 35. e6 Bg5 36. Nfd5 fxe6 37. Nc7+ Ke7 38. Re1 Rxa3 39. Ng4 Nd4 40. Rd1 Nc6 41. Re1 Bd2 42. Re4 h5 43. Ne3 Bxe3 44. fxe3 e5 45. Rh4 g6 46. g4 hxg4 47. Rxg4 Kf7 48. Rh4 Rxe3 49. Nxa6 Nd4 50. Kf2 Re2+ 51. Kf1 Rb2 52. Rh7+ Kf6 53. h4 e4 54. Rd7 Nf5 55. Nc7 e3 56. Ke1 Nxh4 0-1

[Event "2026 European Womens Championship"]
[Site "Batumi, GE"]
[Date "2026.05.27"]
[Round "3"]
[White "Maisuradze, Nino"]
[Black "Kalyoncu, Beren"]
[Result "1-0"]
[Board "70"]
[TimeControl "5400+30"]
[WhiteFideId "13601717"]
[BlackFideId "51608383"]
[WhiteElo "2198"]
[BlackElo "1840"]
[WhiteTitle "WGM"]
[BlackTitle "WCM"]
[WhiteClock "0:01:42"]
[BlackClock "0:01:09"]
[Variant "Standard"]

1. d4 d5 2. c4 dxc4 3. Nf3 Nf6 4. e3 e6 5. Bxc4 c5 6. O-O a6 7. Qe2 Nbd7 8. Rd1 b5 9. Bd3 Bb7 10. a4 b4 11. Nbd2 Be7 12. Nc4 Qc7 13. Bd2 O-O 14. Rac1 Rac8 15. Nce5 Qb6 16. Nc4 Qc7 17. b3 Be4 18. Nce5 Bxd3 19. Qxd3 Qb7 20. Ng5 h6 21. Nxd7 Qxd7 22. Nf3 Qb7 23. dxc5 Rfd8 24. Qb1 Bxc5 25. Rc4 Be7 26. Rdc1 a5 27. Nd4 Rxc4 28. Rxc4 e5 29. Nf3 Bd6 30. e4 Rc8 31. Rxc8+ Qxc8 32. Be3 Qc6 33. Nd2 Ng4 34. Nc4 Nxe3 35. fxe3 Bc7 36. Qd3 Kf8 37. Qd5 Qxd5 38. exd5 Ke7 39. e4 f5 40. exf5 h5 41. h3 h4 42. Kf2 Kf6 43. d6 Bd8 44. Ne3 e4 45. d7 Ke5 46. Nc2 Kd5 47. g3 Ke5 48. g4 Kd5 49. Ke2 Ke5 50. Ne3 Kd4 51. Nc4 Kd5 52. g5 Bxg5 53. Nxa5 Kd6 54. d8=Q+ Bxd8 55. Nb7+ 1-0

[Event "2026 European Womens Championship"]
[Site "Batumi, GE"]
[Date "2026.05.27"]
[Round "3"]
[White "Saltkhutsishvili, Sara"]
[Black "Dwilewicz, Katarzyna"]
[Result "0-1"]
[Board "71"]
[TimeControl "5400+30"]
[WhiteFideId "13636995"]
[BlackFideId "1148486"]
[WhiteElo "1763"]
[BlackElo "2131"]
[BlackTitle "WIM"]
[WhiteClock "0:21:55"]
[BlackClock "0:23:56"]
[Variant "Standard"]

1. e4 c5 2. Nf3 e6 3. d4 cxd4 4. Nxd4 a6 5. Nc3 b5 6. Bd3 Bb7 7. O-O d6 8. Be3 Nf6 9. f3 Be7 10. Qd2 Nbd7 11. Qf2 O-O 12. Rfd1 Qc7 13. Kh1 Rac8 14. Bf1 b4 15. Na4 d5 16. exd5 Nxd5 17. Bd2 Bd6 18. Qh4 Ne5 19. Rac1 Ng6 20. Qh5 Ndf4 21. Bxf4 Bxf4 22. Rb1 Rfd8 23. c4 Be5 24. Nb3 Bc6 25. Nac5 Qe7 26. Bd3 f5 27. Nxe6 Rxd3 28. Rxd3 Qxe6 29. Nd4 Bxd4 30. Rxd4 Re8 31. h3 Qf6 32. Rbd1 h6 33. c5 Kh7 34. b3 Re5 35. Rd6 Re6 36. R6d4 a5 37. Kg1 Qe5 38. Rc4 Bb5 39. Rc2 Bc6 40. Kh1 Qf4 41. Rc4 Qe5 42. Rc2 Rf6 43. Kg1 Qg3 44. Rd6 Nf4 45. Rxf6 Nxh5 46. Rxc6 Qe1+ 47. Kh2 Ng3 48. Rc4 Nf1+ 49. Kg1 Ne3+ 50. Kh2 Qf2 0-1

[Event "2026 European Womens Championship"]
[Site "Batumi, GE"]
[Date "2026.05.27"]
[Round "3"]
[White "Saraci, Rinesa"]
[Black "Vidic, Teja"]
[Result "0-1"]
[Board "72"]
[TimeControl "5400+30"]
[WhiteFideId "4701976"]
[BlackFideId "14605511"]
[WhiteElo "1754"]
[BlackElo "2123"]
[WhiteTitle "WCM"]
[BlackTitle "WIM"]
[WhiteClock "0:00:36"]
[BlackClock "0:14:12"]
[Variant "Standard"]

1. e4 c5 2. Nf3 e6 3. d4 cxd4 4. Nxd4 Nf6 5. Nc3 Nc6 6. Ndb5 d6 7. Bf4 e5 8. Bg5 a6 9. Na3 b5 10. Bxf6 gxf6 11. Nd5 f5 12. Qd3 fxe4 13. Qxe4 Ra7 14. c3 Bg7 15. g4 Ne7 16. Qe3 Nxd5 17. Qxa7 O-O 18. Rg1 b4 19. cxb4 Nxb4 20. Qe3 e4 21. Qd2 a5 22. Nc4 d5 23. Ne3 Qf6 24. Rd1 d4 25. Nf5 e3 26. fxe3 dxe3 27. Qc3 Qxc3+ 28. bxc3 Bxc3+ 29. Ke2 Re8 30. Rc1 Ba6+ 31. Kf3 e2 32. Ne3 Bd2 33. Bxe2 Rxe3+ 34. Kf2 Rxe2+ 0-1

[Event "2026 European Womens Championship"]
[Site "Batumi, GE"]
[Date "2026.05.27"]
[Round "3"]
[White "Muradyan, Anahit"]
[Black "Rekhviashvili, Mariam"]
[Result "0-1"]
[Board "73"]
[TimeControl "5400+30"]
[WhiteFideId "13314807"]
[BlackFideId "13635859"]
[WhiteElo "1977"]
[BlackElo "1836"]
[WhiteClock "0:27:59"]
[BlackClock "0:47:10"]
[Variant "Standard"]

1. e4 e6 2. d4 d5 3. Nc3 dxe4 4. Nxe4 Nd7 5. Nf3 Ngf6 6. Nxf6+ Nxf6 7. Bd3 Be7 8. c3 O-O 9. Bg5 b6 10. O-O Bb7 11. Qe2 Qd6 12. a4 c5 13. dxc5 Qxc5 14. Be3 Qc7 15. Bd4 Rad8 16. Ng5 h6 17. Ne4 Nd5 18. g3 e5 19. Be3 Nxe3 20. fxe3 Qc6 21. Rf5 Qe6 22. Raf1 g6 23. Bc4 Ba6 24. Bxe6 Bxe2 25. Rxf7 Bxf1 26. Rxe7+ Kh8 27. Bf7 Rd1 0-1

[Event "2026 European Womens Championship"]
[Site "Batumi, GE"]
[Date "2026.05.27"]
[Round "3"]
[White "Radikovic, Anamarija"]
[Black "Gharibyan, Mane"]
[Result "1-0"]
[Board "74"]
[TimeControl "5400+30"]
[WhiteFideId "14546264"]
[BlackFideId "13306430"]
[WhiteElo "1974"]
[BlackElo "1776"]
[WhiteTitle "WFM"]
[WhiteClock "0:23:26"]
[BlackClock "0:00:46"]
[Variant "Standard"]

1. e4 c5 2. Nf3 d6 3. d4 cxd4 4. Nxd4 Nf6 5. Nc3 a6 6. Be2 e5 7. Nb3 Be6 8. O-O b5 9. Bf3 Nbd7 10. a4 b4 11. Nd5 Bxd5 12. exd5 Be7 13. a5 Qc7 14. Qd3 O-O 15. Bd2 Rfb8 16. Rfe1 Rb5 17. Nd4 exd4 18. Rxe7 Qd8 19. Rxd7 Nxd7 20. Qxd4 Rxa5 21. Rxa5 Qxa5 22. Bxb4 Qa1+ 23. Bd1 Rb8 24. Bc3 f6 25. h3 Nc5 26. b4 Qa4 27. Bg4 Nb7 28. Be6+ Kh8 29. Qxf6 Rg8 30. Qf7 Qe8 31. Bxg7+ 1-0

[Event "2026 European Womens Championship"]
[Site "Batumi, GE"]
[Date "2026.05.27"]
[Round "3"]
[White "Esadze, Tamari"]
[Black "Kalayci, Nino"]
[Result "1-0"]
[Board "75"]
[TimeControl "5400+30"]
[WhiteFideId "13611186"]
[BlackFideId "13603221"]
[WhiteElo "1974"]
[BlackElo "1755"]
[BlackTitle "WCM"]
[WhiteClock "0:06:10"]
[BlackClock "0:08:47"]
[Variant "Standard"]

1. e4 e6 2. d4 d5 3. Nd2 dxe4 4. Nxe4 Nd7 5. Nf3 Ngf6 6. Nxf6+ Nxf6 7. Bd3 Be7 8. O-O O-O 9. Ne5 c5 10. dxc5 Qc7 11. Re1 Qxc5 12. Qf3 Qb4 13. c3 Qh4 14. Bf4 Qh5 15. g4 Qh4 16. Bg3 Qh3 17. Bf1 Qh6 18. h4 Qd2 19. g5 Ne8 20. Nc4 Qc2 21. b3 Kh8 22. Bd3 Qxc3 23. Be5 Qb4 24. Qe4 1-0

[Event "2026 European Womens Championship"]
[Site "Batumi, GE"]
[Date "2026.05.27"]
[Round "3"]
[White "Rusitashvili, Tea"]
[Black "Danielyan, Lilia"]
[Result "1-0"]
[Board "76"]
[TimeControl "5400+30"]
[WhiteFideId "13640771"]
[BlackFideId "13319841"]
[WhiteElo "1929"]
[BlackElo "1728"]
[WhiteTitle "WCM"]
[WhiteClock "0:19:15"]
[BlackClock "0:01:06"]
[Variant "Standard"]

1. e4 c5 2. Nf3 Nc6 3. Bb5 e5 4. O-O Bd6 5. d4 Nxd4 6. Bc4 h6 7. Nxd4 cxd4 8. c3 Bc5 9. Kh1 Nf6 10. f4 d6 11. Qf3 a6 12. fxe5 dxe5 13. Qg3 Bg4 14. Qxe5+ Qe7 15. Qxe7+ Kxe7 16. e5 Nh5 17. Rxf7+ Kd8 18. h3 Ng3+ 19. Kh2 Be2 20. Bxe2 Nxe2 21. Bd2 Re8 22. Rxg7 Rxe5 23. Rg8+ Re8 24. Rxe8+ Kxe8 25. g4 Kd7 26. Bxh6 Rh8 27. g5 d3 28. Nd2 Bd6+ 29. Kg2 Nf4+ 30. Kf3 Nxh3 31. Ne4 Bc7 32. Nc5+ Kc6 33. Nxd3 Rd8 34. Rd1 a5 35. Ne5+ Kb5 36. Rxd8 Bxd8 37. g6 Bf6 38. g7 Bxg7 39. Bxg7 Ng5+ 40. Ke3 Ne6 41. Bf6 Nc5 42. Nd3 Nd7 43. Bd4 Nf8 44. Nf4 Nd7 45. Ke4 Kc6 46. Nd3 Nf8 47. Ne5+ Kd6 48. Nc4+ 1-0

[Event "2026 European Womens Championship"]
[Site "Batumi, GE"]
[Date "2026.05.27"]
[Round "3"]
[White "Demirtas, Hafize"]
[Black "Kedelidze, Aneta"]
[Result "1-0"]
[Board "77"]
[TimeControl "5400+30"]
[WhiteFideId "6382070"]
[BlackFideId "13626191"]
[WhiteElo "1928"]
[BlackElo "1676"]
[WhiteClock "0:01:10"]
[BlackClock "0:01:04"]
[Variant "Standard"]

1. e3 e5 2. d4 exd4 3. exd4 d5 4. Bd3 Bd6 5. Nf3 Bg4 6. h3 Bh5 7. g4 Bg6 8. Bg5 Ne7 9. Nc3 f6 10. Be3 Nbc6 11. Bxg6+ hxg6 12. Qd2 a6 13. O-O-O Qd7 14. Ne1 O-O-O 15. f4 Na5 16. Nd3 Nc4 17. Qf2 Nxe3 18. Qxe3 b6 19. Kb1 Kb7 20. Qf3 Qc6 21. Rde1 Qc4 22. Ne2 Nc6 23. c3 Na5 24. b4 Qb5 25. Nec1 Nc4 26. Qg2 c6 27. Ka1 a5 28. Qc2 axb4 29. Nxb4 Bxb4 30. cxb4 Qxb4 31. Nd3 Qd6 32. f5 Rhe8 33. fxg6 Na3 34. Qb3 Nb5 35. Qb2 Re4 36. Rxe4 dxe4 37. Nb4 Nxd4 38. Rb1 Nb5 39. g5 Qd4 40. gxf6 Qxb2+ 41. Kxb2 gxf6 42. Rg1 Nd4 43. g7 Rg8 44. h4 Nf5 45. h5 e3 46. Nd3 e2 47. Rg6 c5 48. Kc2 Ne7 49. Rg1 Nf5 50. Kd2 Kc7 51. Kxe2 Kd6 52. Rg6 Ke6 53. h6 Kf7 54. Ne5+ fxe5 55. h7 Rxg7 56. h8=Q Kxg6 57. Qb8 Nd4+ 58. Kd3 Kf5 59. Qf8+ Kg6 60. Ke4 Rf7 61. Qg8+ Kf6 62. Qd8+ Re7 63. Qxb6+ Ne6 64. a4 Rd7 65. a5 Rd4+ 66. Ke3 Ra4 67. a6 Ra3+ 68. Kd2 Kf5 69. a7 e4 70. Qb8 e3+ 71. Ke1 Ra1+ 72. Ke2 Ke4 73. a8=Q+ Rxa8 74. Qxa8+ Kd4 75. Qa1+ Ke4 76. Qh1+ Kd4 77. Qh8+ Ke4 78. Qh7+ Kf4 79. Qf7+ Ke5 80. Kxe3 Nd4 81. Kd3 Ne6 82. Kc4 Kd6 83. Qf6 Kd7 84. Kd5 1-0

[Event "2026 European Womens Championship"]
[Site "Batumi, GE"]
[Date "2026.05.27"]
[Round "3"]
[White "Giorgadze, Mariam Ere"]
[Black "Chanturia, Lika"]
[Result "1-0"]
[Board "78"]
[TimeControl "5400+30"]
[WhiteFideId "13636839"]
[BlackFideId "13618857"]
[WhiteElo "1909"]
[BlackElo "1649"]
[WhiteClock "0:07:45"]
[BlackClock "0:01:01"]
[Variant "Standard"]

1. e4 c6 2. d4 d5 3. e5 Bf5 4. g4 Bg6 5. e6 Qd6 6. exf7+ Bxf7 7. Nf3 Nd7 8. Ng5 Nh6 9. Nc3 O-O-O 10. f4 g6 11. a3 Bg7 12. Be3 Nb6 13. Qd2 Rhe8 14. O-O-O Bg8 15. h3 Nf7 16. Nf3 Qc7 17. b3 Nd6 18. Bd3 a5 19. a4 Nd7 20. Ne5 Rf8 21. Ne2 Nf6 22. Ng3 Nfe4 23. Bxe4 Nxe4 24. Nxe4 dxe4 25. Qc3 Rd5 26. Qb2 b6 27. c4 Rdd8 28. Qc2 b5 29. axb5 cxb5 30. Qxe4 Bxe5 31. dxe5 bxc4 32. Qa8+ Qb8 33. Qxa5 cxb3 34. Bb6 Rd5 35. Rxd5 Bxd5 36. Rd1 e6 37. Kb2 Kb7 38. Bc5 Rf7 39. Qb5+ Ka8 40. Ra1+ 1-0